 Dungeon Crawl Stone Soup version 0.27.1-33-g824d729ab1 (webtiles) character file.

Game seed: 14922252335953203558

16764 McKennaii the Destroyer (level 11, -32/74 HPs)
             Began as a Demigod Conjurer on Dec 9, 2021.
             Annihilated by an enormous slime creature (78 damage)
             ... on level 12 of the Dungeon.
             The game lasted 00:17:37 (16237 turns).

McKennaii the Destroyer (Demigod Conjurer)         Turns: 16237, Time: 00:17:37

Health: -32/74     AC: 10    Str:  8    XL:     11   Next: 84%
Magic:  1/29       EV: 18    Int: 32    God:
Gold:   612        SH:  0    Dex: 12    Spells: 17/30 levels left

rFire    . . .     SeeInvis +   z - +0 mace (protect)
rCold    . . .     Faith    .   (no shield)
rNeg     . . .     Spirit   .   M - +5 robe of Night {Dark Will+ SInv}
rPois    .         Reflect  .   B - +1 hat
rElec    .         Harm     .   r - +0 cloak
rCorr    .         Rampage  .   E - +0 pair of gloves
Will     ++...                  (no boots)
Stlth    ++........             (no amulet)
HPRegen  0.22/turn              p - +4 ring of evasion
MPRegen  0.21/turn              u - ring of wizardry

@: no status effects
A: high mp 1, forlorn
a: no special abilities


You were on level 12 of the Dungeon.
You visited 1 branch of the dungeon, and saw 12 of its levels.

You collected 612 gold pieces.

Inventory:

Hand Weapons
 z - a +0 mace of protection (weapon)
 P - a +4 scimitar
Armour
 r - a +0 cloak (worn)
 B - a +1 hat (worn)
 E - a +0 pair of gloves (worn)
 M - the +5 robe of Night (worn) {Dark Will+ SInv}
   (You took it off an orc on level 4 of the Dungeon)

   It shrouds the wearer in darkness, reducing the range at which they can see
   and be seen by others.
   SInv:      It lets you see invisible.
   Will:      It increases your willpower.
Magical Staves
 a - a staff of earth
Jewellery
 i - a ring of ice
 p - a +4 ring of evasion (left hand)
 u - a ring of wizardry (right hand)
 x - a ring of willpower
Wands
 f - a wand of polymorph (5)
 w - a wand of mindburst (27)
 y - a wand of flame (30)
 A - a wand of charming (16)
 G - a wand of iceblast (14)
 L - a wand of paralysis (8)
Scrolls
 h - 2 scrolls of teleportation {unknown}
 j - 4 scrolls of noise {unknown}
 k - a scroll of silence {unknown}
 m - 3 scrolls of enchant armour {unknown}
 o - 3 scrolls of fear {unknown}
 s - a scroll of enchant weapon {unknown}
 D - a scroll of summoning
 F - 4 scrolls of magic mapping
 H - 2 scrolls of immolation {unknown}
 J - a scroll of acquirement {unknown}
 K - 4 scrolls of amnesia {unknown}
 O - a scroll of fog {unknown}
Potions
 b - 4 potions of brilliance
 c - a potion of resistance
 d - 6 potions of curing
 e - 2 potions of berserk rage
 g - 2 potions of flight {unknown}
 l - 3 potions of haste
 n - a potion of ambrosia {unknown}
 q - 4 potions of heal wounds {unknown}
 t - 3 potions of invisibility {unknown}
 v - 3 potions of mutation
 C - 3 potions of lignification {unknown}
 I - 2 potions of degeneration {unknown}
 N - 2 potions of attraction {unknown}


   Skills:
 - Level 6.0 Dodging
 - Level 1.7 Stealth
 - Level 10.0 Spellcasting
 + Level 10.1 Conjurations
 - Level 2.0 Translocations
 - Level 10.0 Earth Magic


You had 17 spell levels left.
You knew the following spells:

 Your Spells              Type           Power      Damage    Failure   Level
a - Magic Dart            Conj           100%       1d8       1%          1
b - Searing Ray           Conj           100%       3d7       1%          2
c - Iskenderun's Mystic   Conj/Tloc      53%        2d11      1%          4
d - Iron Shot             Conj/Erth      34%        9d7       3%          6

Your spell library contained the following spells:

 Spells                   Type           Power      Damage    Failure   Level
 Dazzling Flash           Conj/Hex       96%        N/A       1%          3
 Gell's Gravitas          Tloc           14%        N/A       1%          3
 Lesser Beckoning         Tloc           14%        N/A       1%          3
 Teleport Other           Tloc           28%        N/A       1%          3
 Animate Armour           Summ/Erth      96%        N/A       1%          4
 Fulminant Prism          Conj/Hex       24%        3d13      1%          4
 Blade Hands              Tmut           8%         N/A       32%         5


Dungeon Overview and Level Annotations

Branches:
Dungeon (12/15)            Temple (0/1) D:7            Lair (0/6) D:9
    Orc (0/2) D:10

Annotations:
D:7 2 transporters, Cykl0x's ghost, novice GrTm; Grum


Innate Abilities, Weirdness & Mutations

Your attributes grow dramatically as you level up.
You have an increased reservoir of magic. (+10% MP)
You shall have no god before yourself.


Message History

Casting: Searing Ray (safe; 1% risk of failure)
Confirm with . or Enter, or press ? or * to list all spells.
You erupt in a blast of force!
The mystic blast hits the enormous slime creature.
The enormous slime creature is heavily wounded.
The enormous slime creature is knocked back by the mystic blast.
Casting: Iskenderun's Mystic Blast (dangerous; 1% risk of failure)
Confirm with . or Enter, or press ? or * to list all spells.
Aiming: Searing Ray (safe; 1% risk of failure)
Press: ? - help, Shift-Dir - straight line, f/p - enormous slime creature
Aim: an enormous slime creature (heavily wounded, 96% to hit)
The searing ray hits the enormous slime creature!
The enormous slime creature is severely wounded. (Press . to maintain the ray.) Unknown command.
The searing ray hits the enormous slime creature!
The enormous slime creature is severely wounded.
Unknown command.
The searing ray hits the enormous slime creature.
The enormous slime creature is severely wounded.
Unknown command.
The enormous slime creature hits you!!
Two slime creatures merge to form an enormous slime creature.
Casting: Searing Ray (safe; 1% risk of failure)
Confirm with . or Enter, or press ? or * to list all spells.
Aiming: Searing Ray (safe; 1% risk of failure)
Press: ? - help, Shift-Dir - straight line, f - enormous slime creature
Aim: an enormous slime creature (severely wounded, 96% to hit)
The searing ray hits the enormous slime creature!
The enormous slime creature is severely wounded. (Press . to maintain the ray.) Unknown command.
The searing ray hits the enormous slime creature!
The enormous slime creature is severely wounded.
Unknown command.
The searing ray hits the enormous slime creature!
The enormous slime creature is severely wounded.
The enormous slime creature hits you!!!!
Ouch! That really hurt!
You die...

#..######..........
#..# #..########
######..# #..#
........# #..#
........# #..#
######..# #..# #..#
#..# #.J# #..#
####.@######..#######
....................#
....................#
....................#
######..########.####
#..# #.# #..# #.#
#####..########.#####
....................#


You could see an enormous slime creature.

Vanquished Creatures
  Josephine (D:12)
  Fannar (D:11)
  A hydra (D:8)
  4 two-headed ogres
  Nergalle (D:11)
  An ugly thing (D:11)
  3 centaur zombies
  A troll (D:11)
  Grinder (D:4)
  2 slime creatures (D:12)
  Prince Ribbit (D:7)
  A shadow (D:9)
  2 wyverns
  4 wraiths (D:12)
  2 vampires
  15 yaks
  2 steam dragons (D:9)
  7 vampire mosquitoes
  An acid dragon (D:10)
  A water moccasin (D:6)
  3 orc warriors
  A black bear (D:6)
  An ice beast (D:6)
  6 sky beasts
  2 ogres
  5 centaurs
  A phantom (D:5)
  A kobold brigand (D:8)
  4 bullfrogs
  A gnoll sergeant (D:10)
  2 scorpions
  6 killer bees
  9 wights
  4 howler monkeys
  2 jellies
  6 hounds
  A centaur skeleton (D:6)
  Crazy Yiuf (D:2)
  10 orc priests
  2 bullfrog skeletons
  2 iguanas
  Natasha (thrice) (D:4)
  9 orc wizards
  A killer bee zombie (D:8)
  2 hound skeletons (D:4)
  A howler monkey zombie (D:9)
  10 adders
  12 gnolls
  An ufetubus (D:7)
  2 adder zombies
  3 worms
  54 orcs
  11 ball pythons
  7 endoplasms
  2 giant cockroaches
  8 goblins
  2 hobgoblins
  18 kobolds
  5 quokkas
  3 bats
  5 frilled lizards
  10 rats
291 creatures vanquished.

Vanquished Creatures (others)
  A kobold (D:1)
  6 plants (D:7)
7 creatures vanquished.

Grand Total: 298 creatures vanquished

Notes
Turn   | Place    | Note
-------+----------+-------------------------------------------
     0 | D:1      | McKennaii the Demigod Conjurer began the quest for the Orb.
     0 | D:1      | Reached XP level 1. HP: 14/14 MP: 5/5
   299 | D:1      | Reached XP level 2. HP: 20/20 MP: 4/8
   302 | D:1      | Learned a level 2 spell: Searing Ray
  1461 | D:2      | Reached XP level 3. HP: 26/26 MP: 5/10
  2065 | D:2      | Reached XP level 4. HP: 33/33 MP: 10/12
  2070 | D:2      | Learned a level 4 spell: Iskenderun's Mystic Blast
  2143 | D:2      | Found a runed translucent door.
  2144 | D:2      | Noticed Crazy Yiuf
  2739 | D:2      | Killed Crazy Yiuf
  3078 | D:3      | Reached XP level 5. HP: 38/38 MP: 12/15
  3837 | D:4      | Noticed Natasha
  3847 | D:4      | Killed Natasha
  3848 | D:4      | Reached skill level 5 in Spellcasting
  4169 | D:4      | Noticed Natasha
  4173 | D:4      | Killed Natasha
  4174 | D:4      | Reached XP level 6. HP: 30/45 MP: 8/17
  4216 | D:4      | Noticed Natasha
  4223 | D:4      | Killed Natasha
  4365 | D:4      | Noticed Grinder
  4368 | D:4      | Paralysed by Grinder for 4 turns
  4377 | D:4      | Killed Grinder
  4544 | D:4      | Reached skill level 5 in Conjurations
  4544 | D:4      | Reached XP level 7. HP: 48/50 MP: 12/19
  4679 | D:4      | You fall into a shaft and drop 3 floors!
  4874 | D:7      | Found a transporter.
  4886 | D:7      | Noticed Grum
  4887 | D:7      | Identified the +2 scale mail of Devotion {rElec Regen+
                  | Dex-4 SInv}
  4887 | D:7      | Identified the +1 buckler of the Realm of Zot {Contam +Inv
                  | rElec rPois}
  5343 | D:6      | Reached XP level 8. HP: 57/57 MP: 14/20
  5670 | D:5      | Entered Level 5 of the Dungeon
  7627 | D:6      | Reached skill level 10 in Conjurations
  7706 | D:6      | Reached skill level 1 in Translocations
  7706 | D:6      | Reached XP level 9. HP: 56/62 MP: 13/21
  8515 | D:7      | Found a staircase to the Ecumenical Temple.
  8598 | D:7      | Noticed Cykl0x's ghost (novice GrTm)
  8608 | D:7      | Found a transporter.
  8643 | D:7      | Identified the ring "Aloigiz" {rPois rCorr Str-2 Dex+6}
  8788 | D:7      | Noticed Prince Ribbit
  8798 | D:7      | Killed Prince Ribbit
  9228 | D:8      | Reached skill level 5 in Dodging
  9387 | D:8      | Noticed an eight-headed hydra
  9393 | D:8      | Killed an eight-headed hydra
  9712 | D:8      | Noticed a two-headed ogre
  9719 | D:8      | Killed a two-headed ogre
 10148 | D:8      | Reached XP level 10. HP: 66/69 MP: 15/25
 10835 | D:9      | Found a staircase to the Lair.
 10950 | D:9      | Learned a level 6 spell: Iron Shot
 12621 | D:10     | Entered Level 10 of the Dungeon
 12648 | D:10     | Reached skill level 10 in Spellcasting
 12648 | D:10     | Reached skill level 1 in Earth Magic
 13822 | D:10     | Found a staircase to the Orcish Mines.
 13911 | D:10     | Reached XP level 11. HP: 71/74 MP: 14/29
 14258 | D:11     | Noticed Nergalle
 14265 | D:11     | Killed Nergalle
 14266 | D:11     | Reached skill level 5 in Earth Magic
 14458 | D:11     | Noticed Fannar
 14469 | D:11     | Killed Fannar
 15000 | D:11     | Noticed a two-headed ogre
 15006 | D:11     | Killed a two-headed ogre
 15102 | D:11     | Noticed a two-headed ogre
 15108 | D:11     | Killed a two-headed ogre
 15366 | D:11     | Noticed a two-headed ogre
 15374 | D:11     | Killed a two-headed ogre
 15765 | D:12     | Noticed Josephine
 15773 | D:12     | Killed Josephine
 16075 | D:12     | Reached skill level 10 in Earth Magic
 16237 | D:12     | Annihilated by an enormous slime creature

Illustrated notes

Levels and vault maps discovered:
D:1:      tarquinn_simple_flora_water_a, layout_loops_ring, moated_statue,
          roderic_roman_lattice, wad_floor_pattern_untrapped,
          lemuel_flame_loot_1
D:2:      wad_river_or_something, layout_rooms, uniq_crazy_yiuf_cottage
D:3:      layout_basic, nicolae_elyvilon_peaceful_grove,
          ebering_ecumenical_altar_rust, kennysheep_crisscross
D:4:      layout_rooms, uniq_natasha, uniq_grinder
D:5:      layout_loops_ring, mainiacjoe_overflow_alcove_1
D:6:      layout_loops_corners, gammafunk_temple_overflow_pools,
          chequers_serial_rivers_small_b, chequers_serial_rivers_small_b
D:7:      layout_cave_pools, temple_hall, gammafunk_ghost_gnarly_gnolls,
          serial_bayou_crossing, uniq_prince_ribbit1
D:8:      layout_basic, gammafunk_temple_overflow_elements,
          minmay_misc_feat_nine_boxes, minivault_26
D:9:      layout_stronghold, lair_entry_dummy, hangedman_misty_isle
D:10:     layout_rooms, david_orc_5
D:11:     layout_roguey, uniq_nergalle, uniq_fannar
D:12:     minmay_clustersquares, layout_small_grid, uniq_josephine

Skill      XL: |  1  2  3  4  5  6  7  8  9 10 11 |
---------------+----------------------------------+-----
Spellcasting   | 2 3 4 5 6 7 10 | 10.0
Conjurations   | 5 7 10 | 10.1
Dodging        | 2 6 |  6.0
Translocations | 1 2 |  2.0
Earth Magic    | 4 10 | 10.0
Stealth        | |  1.7

Action                   |  1- 3 |  4- 6 |  7- 9 | 10-12 || total
-------------------------+-------+-------+-------+-------++-------
Melee: Unarmed           |     4 |       |       |       ||     4
 Cast: Magic Dart        |    85 |   119 |   182 |   104 ||   490
       Searing Ray       |       |    11 |    42 |    91 ||   144
       Iskenderun's Myst |       |     2 |     8 |    32 ||    42
       Iron Shot         |       |       |       |     1 ||     1
  Use: Scroll            |       |       |       |     8 ||     8
Armor: Robe              |     2 |     2 |    14 |    36 ||    54
Dodge: Dodged            |     6 |    22 |    54 |   101 ||   183
